 Dungeon Crawl Stone Soup version 0.18.1-48-g4cf74bf (webtiles) character file.

86 elite277 the Magician (level 4, -2/32 HPs)
             Began as a Human Wizard on Aug 21, 2016.
             Slain by MovingMist's ghost (10 damage)
             ... on level 3 of the Dungeon.
             The game lasted 00:18:17 (2047 turns).

elite277 the Magician (Human Wizard)                Turns: 2047, Time: 00:18:18

Health: -2/32      AC:  3    Str:  8    XL:     4   Next: 77%
Magic:  1/9        EV: 12    Int: 19    God:
Gold:   126        SH:  0    Dex: 11    Spells: 3 memorised, 4 levels left

rFire  + . .     SeeInvis .     g - +0 dagger
rCold  x . .     Gourm    .     a - +0 robe
rNeg   . . .     Faith    .     (no shield)
rPois  .         Spirit   .     b - +1 hat
rElec  .         Dismiss  .     (no cloak)
rCorr  .         Reflect  .     (no gloves)
SustAt .         Harm     .     (no boots)
MR     .....                    (no amulet)
Stlth  ++........               (no ring)
                                j - ring of fire

@: very slightly contaminated, not resistant to hostile enchantments, unstealthy
A: no striking features
a: no special abilities


You were on level 3 of the Dungeon.
You were hungry.

You visited 1 branch of the dungeon, and saw 3 of its levels.

You collected 126 gold pieces.

Inventory:

Hand Weapons
 g - a +0 dagger (weapon)
 k - a cursed -1 dagger
Armour
 a - a +0 robe (worn)
 b - a +1 hat (worn)
Jewellery
 j - a ring of fire (left hand)
Scrolls
 e - 2 scrolls of remove curse
 i - a scroll of identify
Potions
 f - a potion of curing
Books
 c - a book of Minor Magic

   Spells                             Type                      Level
   a - Magic Dart                     Conjuration                  1
   b - Blink                          Translocation                2
   c - Call Imp                       Summoning                    2
   d - Repel Missiles                 Charms/Air                   2
   e - Slow                           Hexes                        2
   f - Conjure Flame                  Conjuration/Fire             3
   g - Mephitic Cloud                 Conjuration/Poison/Air       3
Comestibles
 d - 3 bread rations
 h - 2 fruits


   Skills:
 - Level 1.0 Fighting
 - Level 1.0 Throwing
 + Level 2.8 Dodging
 - Level 2.0 Stealth
 + Level 3.6 Spellcasting
 - Level 1.0 Conjurations
 - Level 1.0 Charms
   Level 1.0 Summonings
   Level 1.0 Translocations
 - Level 1.0 Air Magic
 + Level 0.6 Poison Magic


You had 4 spell levels left.
You knew the following spells:

 Your Spells              Type           Power        Failure   Level  Hunger
a - Magic Dart            Conj           #...         12%         1    None
b - Repel Missiles        Chrm/Air       #.....       17%         2    ##.....
c - Mephitic Cloud        Conj/Pois/Air  #.......     34%         3    ###....


Dungeon Overview and Level Annotations

Branches:
Dungeon (3/15)

Altars:
Dithmenos

Annotations:
D:3 MovingMist's ghost, amateur DDFi


Message History

MovingMist's ghost is lightly damaged.
MovingMist's ghost hits you!
Casting: Magic Dart
Confirm with . or Enter, or press ? or * to list all spells.
Aiming: Magic Dart
Press: ? - help, Shift-Dir - straight line, f/p - MovingMist's ghost
Aim: MovingMist's ghost (lightly damaged)
You miscast Magic Dart.
You are very lightly contaminated with residual magic.
You smell something strange.
MovingMist's ghost hits you!
* * * LOW HITPOINT WARNING * * *
Casting: Magic Dart
Confirm with . or Enter, or press ? or * to list all spells.
Aiming: Magic Dart
Press: ? - help, Shift-Dir - straight line, f/p - MovingMist's ghost
Aim: MovingMist's ghost (lightly damaged)
The magic dart hits MovingMist's ghost.
MovingMist's ghost is lightly damaged.
MovingMist's ghost hits you!
You die...

####..######.#
#............#
#.##.#.####..#
#.#.###.# #).#
##.##.#.## #..#
####...#..## #..#
..........# #..#
####...#.######..#
.......<..W@.....#
#####...........##
.........#######
#.######.## ###


You could see MovingMist's ghost.

Vanquished Creatures
  4 adders (D:2)
  A dart slug (D:2)
  2 giant geckos (D:2)
  7 bats
  2 giant cockroaches
  9 goblins
  5 hobgoblins
  2 jackals (D:1)
  A quokka (D:2)
  A giant newt (D:2)
  5 kobolds
  4 rats
43 creatures vanquished.

Notes
Turn   | Place    | Note
--------------------------------------------------------------
     0 | D:1      | elite277 the Human Wizard began the quest for the Orb.
     0 | D:1      | Reached XP level 1. HP: 13/13 MP: 4/4
   374 | D:1      | Reached XP level 2. HP: 20/20 MP: 3/6
   507 | D:1      | Learned a level 2 spell: Repel Missiles
   546 | D:1      | Reached skill level 1 in Fighting
  1000 | D:2      | Reached XP level 3. HP: 26/26 MP: 4/7
  1110 | D:2      | Reached skill level 1 in Throwing
  1375 | D:2      | Found a shadowy altar of Dithmenos.
  1437 | D:2      | Reached skill level 1 in Air Magic
  1442 | D:2      | Learned a level 3 spell: Mephitic Cloud
  1521 | D:2      | Reached XP level 4. HP: 18/32 MP: 8/8
  1530 | D:2      | Reached skill level 1 in Charms
  1995 | D:3      | Noticed MovingMist's ghost (amateur DDFi)
  2047 | D:3      | Slain by MovingMist's ghost

Skill      XL: |  1  2  3  4 |
---------------+-------------+-----
Fighting       | 1 |  1.0
Throwing       | 1 |  1.0
Air Magic      | 1 |  1.0
Charms         | 1 |  1.0
Dodging        | |  2.8
Stealth        | |  2.0
Spellcasting   | |  3.6
Conjurations   | |  1.0
Summonings     | |  1.0
Translocations | |  1.0
Poison Magic   | |  0.6

Action                   |  1- 3 |  4- 6 || total
-------------------------+-------+-------++-------
Melee: Dagger            |    71 |    35 ||   106
       Unarmed           |     1 |       ||     1
 Cast: Magic Dart        |    48 |    37 ||    85
  Use: Scroll            |     5 |     2 ||     7
       Potion            |       |     4 ||     4
 Stab: Sleeping          |     5 |     1 ||     6
  Eat: Chunk             |     1 |     2 ||     3
Armor: Robe              |    10 |    15 ||    25
Dodge: Dodged            |    67 |    33 ||   100
